AoeStats
← NPG | FishCL

MegaRandom

508094886Analyzed
4v4 RM · 10d ago on Sep 20, 2026· 40m 7s· 8 players
Game mode
Random Map
Map size
Large (8 player)
Population
200
Speed
Normal
Resources
Standard
Victory
Conquest
Starting age
Dark Age
Ending age
Imperial Age
RankedLock teamsTeams togetherTeam positionsShared explorationLock speedFull tech treeHidden civsTurbo modeCheats
Victory
Defeat
🇬🇪 Ethiopians · Georgia
1655
+12
🇬🇪 Celts · Georgia
1584
+15
🇬🇪 Persians · Georgia
1548
+16
🇬🇪 Mongols · Georgia
1520
+17
🇪🇸 Wei · Spain
1582
-16
🇨🇱 Ethiopians · Chile
1567
-16
🇨🇱 Franks · Chile
1561
-15
🇹🇷 Bohemians · Türkiye
1504
-13
AiM | PoRRo
4:48 Loom
4:54 Loom
12:32 Feudal Age
14:41 Fletching
15:16 Double-Bit Axe
25:03 Wheelbarrow
27:48 Castle Age
26:59 Horse Collar
29:59 Bow Saw
35:17 Hand Cart
RebellionFire
8:08 Loom
11:27 Feudal Age
16:07 Castle Age
14:46 Double-Bit Axe
16:11 Crossbowman
16:47 Fletching
19:22 Bodkin Arrow
23:04 Ballistics
24:12 Town Watch
28:25 Chemistry
28:18 Padded Archer Armor
31:03 Bow Saw
36:04 Wheelbarrow
TandemTooth
4:46 Loom
12:13 Feudal Age
16:49 Castle Age
14:56 Double-Bit Axe
NPG | FishCL
9:11 Loom
13:53 Feudal Age
18:26 Castle Age
16:34 Double-Bit Axe
17:55 Scale Barding Armor
18:39 Forging
21:42 Forging
24:14 Husbandry
24:22 Husbandry
25:32 Chain Barding Armor
28:20 Iron Casting
30:13 Wheelbarrow
32:51 Hand Cart
38:44 Imperial Age
35:49 Light Cavalry
38:13 Gold Mining
38:39 Stone Mining
39:08 Fletching
40:10 Plate Barding Armor
39:01 Cavalier
[TMG] roogg
10:08 Loom
12:10 Feudal Age
17:05 Castle Age
15:53 Double-Bit Axe
15:57 Horse Collar
21:53 Wheelbarrow
26:43 Fishing Lines
29:29 Town Watch
31:20 Stone Mining
38:39 Hand Cart
[TMG] purple
5:22 Loom
13:04 Feudal Age
13:59 Double-Bit Axe
16:43 Castle Age
16:28 Bloodlines
17:34 Forging
17:05 Light Cavalry
18:52 Bow Saw
19:14 Scale Barding Armor
21:41 Horse Collar
23:39 Wheelbarrow
27:47 Gold Mining
27:49 Stone Mining
28:20 Hand Cart
29:46 Chain Barding Armor
29:35 Town Watch
32:07 Heavy Plow
35:33 Imperial Age
33:01 Fletching
33:12 Padded Archer Armor
35:02 Iron Casting
34:24 Bodkin Arrow
34:32 Husbandry
36:28 Gold Mining
36:05 Hussar
37:56 Bracer
40:09 Blast Furnace
40:55 Chemistry
40:15 Ballistics
40:12 Leather Archer Armor
[TMG] Dito 🔱
5:03 Loom
12:16 Feudal Age
15:11 Fletching
23:12 Castle Age
24:27 Crossbowman
26:30 Bodkin Arrow
29:04 Padded Archer Armor
31:42 Double-Bit Axe
35:48 Thumb Ring
38:40 Wheelbarrow
39:22 Ballistics
[TMG] zv
7:34 Loom
13:54 Feudal Age
14:50 Double-Bit Axe
16:14 Fishing Lines
19:05 Castle Age
18:00 Horse Collar
20:15 Bow Saw
19:58 Gillnets
20:15 Heavy Plow
21:27 Wheelbarrow
31:12 Imperial Age
30:18 Scale Mail Armor
29:40 Pikeman
30:32 Forging
32:23 Chain Mail Armor
31:51 Capped Ram
32:45 Furor Celtica
32:08 Halberdier
33:30 Conscription
32:59 Heavy Scorpion
34:44 Plate Mail Armor
34:21 Siege Ram
35:28 Ballistics
36:20 Siege Engineers
37:17 Chemistry
38:45 Scale Barding Armor
39:19 Halberdier
Connection lost

Rejoining the realm…

Still unreachable

The connection could not be restored.

Session expired

The server has moved on; the page needs a fresh start.